 Dungeon Crawl Stone Soup version 0.14-a0-1773-ge500af7 (webtiles) character file.

12557 HollowCharge the Carver (level 11, -15/101 HPs)
             Began as a Purple Draconian Warper on Jan 6, 2014.
             Was a Priest of the Shining One.
             Shot with a poisoned arrow of flame by Nessos (16 damage)
             ... on Level 12 of the Dungeon on Jan 7, 2014.
             The game lasted 01:43:01 (17970 turns).

HollowCharge the Carver (Purple Draconian Warper)  Turns: 17970, Time: 01:43:04

HP -15/101       AC 11     Str 14      XL: 11   Next: 56%
MP  23/23        EV 22     Int 13      God: the Shining One [***...]
Gold 571         SH 12     Dex 14      Spells:  6 memorised,  6 levels left

rFire  . . .     SeeInvis +     s - +0,+1 long sword
rCold  . . .     Clarity  +     (armour unavailable)
rNeg   + . .     Conserve .     w - +1 buckler
rPois  .         rCorr    .     (helmet restricted)
rElec  .         rRot     .     L - +0 cloak
SustAb . .       Spirit   .     t - +2 pair of gloves
rMut   .         Warding  .     (no boots)
Saprov . . .     Stasis   .     M - amulet of clarity
                                k - cursed ring of see invisible
                                I - +6 ring of evasion

@: very poisoned, glowing, quite resistant to hostile enchantments, very
unstealthy
A: breathe power, unfitting armour, AC +7
a: Breathe Dispelling Energy, Divine Shield, Renounce Religion


You were on level 12 of the Dungeon.
You worshipped the Shining One. the Shining One was most pleased with you.
You were not hungry.

You visited 1 branch of the dungeon, and saw 12 of its levels.

You collected 571 gold pieces.

Inventory:

Hand weapons
 a - a +0,+0 falchion
 s - a +0,+1 long sword (weapon)
 D - a +1,+1 orcish dagger of flaming
 E - a +1,+3 orcish dagger of speed
Missiles
 e - 14 darts (quivered)
 f - 10 darts of dispersal
Armour
 l - a +0 shield
 t - a +2 pair of gloves (worn)
 v - a +0 pair of gloves
 w - a +1 buckler (worn)
 L - a +0 cloak (worn)
Magical devices
 F - a wand of magic darts (1)
 R - a wand of digging (15)
Comestibles
 n - 3 meat rations
 z - 2 bananas
 B - 9 bread rations
 O - a pear
Scrolls
 b - a scroll of blinking
 g - 4 scrolls of remove curse
 i - a scroll of enchant weapon I {unknown}
 u - 3 scrolls of recharging
 H - a scroll of fog
 P - a scroll of teleportation
 Q - a scroll of magic mapping
Jewellery
 d - an uncursed ring of regeneration
 h - an uncursed ring of fire
 k - a cursed ring of see invisible (right hand)
 y - an uncursed amulet of guardian spirit
 I - a +6 ring of evasion (left hand)
 K - an uncursed amulet of faith
 M - an amulet of clarity (around neck)
 N - an uncursed ring of sustain abilities {unknown}
Potions
 j - 3 potions of curing
 m - a potion of agility {unknown}
 o - 2 potions of heal wounds {unknown}
 p - 2 potions of lignification {unknown}
 q - a potion of poison {unknown}
 r - 6 potions of restore abilities {unknown}
 x - 2 potions of might {unknown}
 A - a potion of berserk rage {unknown}
 J - a potion of paralysis {unknown}
 U - a potion of confusion {unknown}
Books
 c - a book of Spatial Translocations

   Spells                             Type                      Level
   *Apportation                       Translocation                1
   *Portal Projectile                 Translocation                2
   *Blink                             Translocation                2
   *Shroud of Golubria                Charms/Translocation         2
   *Teleport Other                    Translocation                3
   *Passage of Golubria               Translocation                4
 C - a book of Transfigurations

   Spells                             Type                      Level
   Stoneskin                          Transmutation/Earth          2
   Ice Form                           Ice/Transmutation            4
   Statue Form                        Transmutation/Earth          6
   Dragon Form                        Transmutation                7
 G - a book of Changes

   Spells                             Type                      Level
   Beastly Appendage                  Transmutation                1
   Sticks to Snakes                   Transmutation                2
   Spider Form                        Transmutation/Poison         3
   Ice Form                           Ice/Transmutation            4
   Blade Hands                        Transmutation                5


   Skills:
 * Level 10.3 Fighting
 - Level 1.3 Short Blades
 * Level 10.8 Long Blades
 - Level 1.1 Throwing
 * Level 7.8 Dodging
 - Level 5.0 Shields
 - Level 5.1 Spellcasting
 - Level 6.0 Translocations
 + Level 2.5 Invocations


You had 6 spell levels left.
You knew the following spells:

 Your Spells              Type           Power        Failure   Level  Hunger
a - Apportation           Tloc           ###.......   1%          1    None
b - Blink                 Tloc           N/A          2%          2    ##.....
c - Shroud of Golubria    Chrm/Tloc      ##........   10%         2    ##.....
d - Portal Projectile     Tloc           ###...       2%          2    ##.....
e - Teleport Other        Tloc           ###.....     6%          3    ###....
f - Passage of Golubria   Tloc           N/A          17%         4    ####...


Dungeon Overview and Level Annotations

Branches:
Dungeon (12/16)            Temple (0/1) D:6            Lair (0/8) D:10
    Orc: D:9-12

Altars:
Kikubaaqudgha
Okawaru
Zin
the Shining One

Shops:
D:4 :   D:6 *

Annotations:
D:3 Herrn's ghost, average HOFi
D:10 Kae's ghost, experienced DrTm
D:12 Nessos


Message History

You feel sick.
* * * LOW HITPOINT WARNING * * *
You feel sick.
Nessos blinks!
There is an open door here.
* * * LOW HITPOINT WARNING * * *
You feel sick.
Nessos shoots a poisoned arrow of flame.
The poisoned arrow of flame hits you!
You are more poisoned.
* * * LOW HITPOINT WARNING * * *
Nessos blinks!
An orc comes into view. It is wielding an orcish whip.
* * * LOW HITPOINT WARNING * * *
You feel sick.
You feel a little better.
Nessos shoots a poisoned arrow of flame.
The poisoned arrow of flame hits you!
One of your 5 scrolls of remove curse catches fire!
You are more poisoned.
You die...

#..#####o.########.........
#.........###≈≈§§#.........
#.........###≈≈≈§#.........
#......>..###≈≈≈≈#.........
#.........###≈≈§§#.........
#####§###.########.........
#.# #..........####'###
########
##§###..........+....#
.......#
#....'.@........####.##
.......# #.(###..........#
#..# .......# #..#
#...c......# #..#
.......###.)# #..........#
#..# .......'..§.#
#..........# #..#
......(###.(# #..........#
#..# .......# #.c#
#..........####..# .......#
#....+..........'.....#
.?.....#
######..........#####.#


You could see Nessos.

Vanquished Creatures
  2 unseen horrors (D:11)
  2 hill giants
  A cyclops (D:11)
  A spriggan (D:12)
  Prince Ribbit (D:8)
  2 trolls
  2 two-headed ogres
  A hungry ghost (D:8)
  A wyvern (D:8)
  A wraith (D:11)
  6 yaks (D:11)
  A vampire (D:12)
  5 hippogriffs
  Edmund (D:4)
  A manticore (D:8)
  A black bear (D:10)
  3 ice beasts
  A mottled dragon (D:11)
  2 orc warriors
  2 phantoms
  8 centaurs
  A sky beast (D:8)
  4 ogres
  2 water moccasins (D:11)
  10 giant frogs
  A cyclops zombie (D:8)
  An eye of draining (D:12)
  A gnoll sergeant (D:8)
  13 killer bees
  A hippogriff skeleton (D:10)
  A jelly (D:6)
  2 quasits
  7 hounds
  9 crimson imps
  5 orc priests
  A yellow wasp zombie (D:12)
  2 goliath beetles
  17 orc wizards
  7 iguanas
  5 scorpions
  A centaur skeleton (D:11)
  8 worker ants
  A big kobold skeleton (D:10)
  3 gnolls (D:8)
  12 adders
  A giant centipede (D:12)
  3 giant mites (D:6)
  A goliath beetle zombie (D:8)
  3 worms
  An adder skeleton (D:6)
  2 giant eyeballs
  9 giant geckos
  42 orcs
  2 ball pythons
  5 bats
  A bat skeleton (D:5)
  4 giant cockroaches
  14 goblins
  17 hobgoblins
  10 jackals
  6 quokkas
  2 giant gecko zombies (D:6)
  4 giant newts
  A giant newt skeleton (D:4)
  2 giant spores (D:9)
  2 hobgoblin skeletons (D:5)
  18 kobolds
  12 rats
  A rat skeleton (D:5)
  9 ballistomycetes
  A fungus (D:7)
333 creatures vanquished.

Vanquished Creatures (others)
  A giant spore (D:7)
1 creature vanquished.

Grand Total: 334 creatures vanquished

Notes
Turn   | Place    | Note
--------------------------------------------------------------
     0 | D:1      | HollowCharge, the Draconian Warper, began the quest for the Orb.
     0 | D:1      | Reached XP level 1. HP: 17/17 MP: 3/3
   523 | D:1      | Reached XP level 2. HP: 18/25 MP: 4/4
  1244 | D:2      | Reached XP level 3. HP: 31/31 MP: 6/6
  1365 | D:2      | Found an iron altar of Okawaru.
  1365 | D:2      | Found a glowing golden altar of the Shining One.
  1397 | D:2      | Became a worshipper of the Shining One
  2110 | D:3      | Noticed Herrn's ghost (average HOFi)
  2195 | D:3      | Reached XP level 4. HP: 30/40 MP: 7/7
  2212 | D:3      | Reached skill level 1 in Short Blades
  2557 | D:3      | Reached skill level 4 in Fighting
  2886 | D:4      | Was placed under penance by the Shining One
  3266 | D:4      | Learned a level 2 spell: Blink
  3269 | D:4      | Learned a level 2 spell: Shroud of Golubria
  3272 | D:4      | Learned a level 2 spell: Portal Projectile
  3740 | D:4      | Reached XP level 5. HP: 47/47 MP: 9/9
  3896 | D:4      | Reached skill level 1 in Throwing
  3992 | D:4      | Found Fiujyk's Book Shop.
  4024 | D:4      | Found a glowing silver altar of Zin.
  4024 | D:4      | Noticed an angel
  4299 | D:5      | Entered Level 5 of the Dungeon
  4314 | D:5      | Was forgiven by the Shining One
  4710 | D:5      | Reached XP level 6. HP: 29/55 MP: 3/10
  4902 | D:5      | Reached skill level 5 in Fighting
  5166 | D:5      | Noticed Edmund
  5401 | D:5      | Found an ancient bone altar of Kikubaaqudgha.
  5971 | D:5      | Noticed a hippogriff
  6128 | D:4      | Killed Edmund
  6128 | D:4      | Reached skill level 5 in Long Blades
  6128 | D:4      | Your scales start taking on a rich purple colour.
  6128 | D:4      | Reached XP level 7. HP: 30/62 MP: 8/12
  6967 | D:6      | Reached skill level 6 in Fighting
  7138 | D:6      | Found a glowing drain.
  7222 | D:6      | Found a staircase to the Ecumenical Temple.
  7378 | D:5      | Killed a hippogriff
  7378 | D:5      | Reached skill level 1 in Shields
  7378 | D:5      | Reached XP level 8. HP: 51/70 MP: 9/14
  8628 | D:5      | Reached skill level 5 in Dodging
  9189 | D:6      | Learned a level 3 spell: Teleport Other
  9320 | D:6      | Found Sisunuyr's Assorted Antiques.
  9389 | D:6      | Acquired the Shining One's first power
  9722 | D:7      | Reached skill level 7 in Long Blades
  9834 | D:7      | Reached XP level 9. HP: 75/75 MP: 18/18
 10675 | D:8      | Reached skill level 5 in Spellcasting
 11051 | D:8      | Reached skill level 8 in Long Blades
 11195 | D:8      | Paralysed by a giant eyeball for 2 turns
 11361 | D:8      | Learned a level 4 spell: Passage of Golubria
 11398 | D:9      | Noticed Prince Ribbit
 11416 | D:8      | Killed Prince Ribbit
 12422 | D:9      | Reached XP level 10. HP: 86/86 MP: 22/22
 12487 | D:9      | Reached skill level 5 in Translocations
 12574 | D:9      | Noticed a seven-headed hydra
 12574 | D:9      | Acquired the Shining One's second power
 13282 | D:9      | Reached skill level 9 in Long Blades
 13380 | D:10     | Entered Level 10 of the Dungeon
 13924 | D:10     | Found a staircase to the Lair.
 13929 | D:10     | Noticed Kae's ghost (experienced DrTm)
 14420 | D:9      | Paralysed by a giant eyeball for 4 turns
 14593 | D:11     | Noticed a cyclops
 15112 | D:11     | Noticed a hill giant
 15112 | D:11     | Noticed an unseen horror
 15127 | D:11     | Killed a hill giant
 15146 | D:11     | Killed an unseen horror
 15146 | D:11     | Reached skill level 10 in Long Blades
 15226 | D:11     | Killed a cyclops
 15226 | D:11     | Reached skill level 5 in Shields
 15226 | D:11     | Reached XP level 11. HP: 54/97 MP: 23/23
 16030 | D:11     | Reached skill level 1 in Invocations
 16179 | D:11     | Noticed an unseen horror
 16216 | D:11     | Killed an unseen horror
 16590 | D:12     | Noticed a hill giant
 16649 | D:11     | Reached skill level 10 in Fighting
 16708 | D:12     | Killed a hill giant
 17958 | D:12     | Noticed Nessos
 17969 | D:12     | HP: 2/101 [Nessos/ poisoned arrow of flame (22)]
 17970 | D:12     | Shot with a poisoned arrow of flame by Nessos

Action                   |  1- 3 |  4- 6 |  7- 9 | 10-12 || total
-------------------------+-------+-------+-------+-------++-------
Melee: Short sword       |    77 |       |       |       ||    77
       Falchion          |     9 |       |       |       ||     9
       Long sword        |    48 |   323 |   602 |   659 ||  1632
       Dagger            |       |       |       |    12 ||    12
Throw: Dart              |       |       |     1 |       ||     1
 Cast: Blink             |       |     1 |     7 |     4 ||    12
       Passage of Golubr |       |       |       |     1 ||     1
       Shroud of Golubri |       |       |       |     1 ||     1
 Abil: Breathe Dispellin |       |       |    17 |     3 ||    20
Evoke: Wand              |       |       |       |     7 ||     7
  Use: Scroll            |     2 |    12 |     7 |     5 ||    26
 Stab: Sleeping          |       |     1 |       |       ||     1
       Distracted        |       |       |     1 |       ||     1
